 Dungeon Crawl Stone Soup version 0.29-a0-397-g846e4a0bbc (webtiles) character file.

Game seed: 1498970885365655383

19 Ijustatesigmund the Sneak (level 2, -6/17 HPs)
             Began as a Vampire Fire Elementalist on May 12, 2022.
             Mangled by a gnoll
             ... wielding a +0 whip
              (8 damage)
             ... on level 1 of the Dungeon.
             The game lasted 00:03:42 (740 turns).

Ijustatesigmund the Sneak (VpFE)                     Turns: 740, Time: 00:03:43

Health: -6/17      AC:  5    Str:  7    XL:     2   Next: 55%
Magic:  1/5        EV: 13    Int: 17    God:
Gold:   48         SH:  0    Dex: 14    Spells: 5/6 levels left

rFire   . . .      SeeInvis +   f - +0 short sword
rCold   . . .      Faith    .   (no shield)
rNeg    . . .      Spirit   .   a - +0 robe
rPois   .          Reflect  .   (no helmet)
rElec   .          Harm     .   (no cloak)
rCorr   .          Rampage  .   (no gloves)
Will    .....                   c - +2 pair of boots
Stlth   ++........              (no amulet)
HPRegen 0.25/turn               (no ring)
MPRegen 0.09/turn               (no ring)

@: healing quickly
A: alive, fangs 3, see invisible, vampiric 1, [frail 1]
a: Exsanguinate


You were on level 1 of the Dungeon.
You visited 1 branch of the dungeon, and saw 1 of its levels.

You collected 48 gold pieces.

Inventory:

Hand Weapons
 f - a +0 short sword (weapon)
Armour
 a - a +0 robe (worn)
 c - a +2 pair of boots (worn)
Jewellery
 g - a ring of ice
Scrolls
 h - a scroll of poison {unknown}
Potions
 b - a potion of magic
 d - a potion of berserk rage {unknown}
 e - a potion of attraction {unknown}


   Skills:
 + Level 2.9 Dodging
 - Level 3.0 Stealth
 + Level 2.5 Spellcasting
 - Level 0.6 Conjurations
 - Level 2.4 Fire Magic


You had 5 spell levels left.
You knew the following spells:

 Your Spells              Type           Power      Damage    Failure   Level
a - Foxfire               Conj/Fire      28%        2x1d5     10%         1

Your spell library contained the following spells:

 Spells                   Type           Power      Damage    Failure   Level
 Scorch                   Fire           20%        2d6       11%         2
 Conjure Flame            Conj/Fire      7%         6-21      28%         3
 Inner Flame              Hex/Fire       6%         N/A       32%         3
 Flame Wave               Conj/Fire      7%         2d5       67%         4


Dungeon Overview and Level Annotations

Branches:
Dungeon (1/15)

Altars:


Innate Abilities, Weirdness & Mutations

Your natural rate of healing is accelerated.
You have razor-sharp teeth.
You have supernaturally acute eyesight. (SInv)
You are afflicted with vampirism.
[You are frail. (-10% HP)]


Message History

The foxfire hits the bat.
The bat is severely wounded.
The foxfire hits the hobgoblin.
The hobgoblin is almost dead.
The bat closely misses you. The hobgoblin hits you.
The gnoll barely misses you. The bat barely misses you. The bat misses you.
Your magical contamination has completely faded away.
The bat hits you but does no damage. The bat hits you but does no damage.
The bat barely misses you.
You hit the bat.
You kill the bat!
You hit the gnoll.
The gnoll is heavily wounded.
The gnoll closely misses you.
You hit the gnoll.
The gnoll is severely wounded.
The gnoll misses you.
You barely miss the gnoll. You bite the gnoll.
The gnoll is severely wounded.
The gnoll closely misses you. The gnoll attacks as you move away!
The gnoll closely misses you.
Casting: Foxfire (safe; 10% risk of failure)
Confirm with . or Enter, or press ? or * to list all spells.
You conjure some foxfire!
The gnoll hits you with a +0 whip.
The foxfire hits the gnoll but does no damage.
The gnoll is severely wounded.
The gnoll hits you with a +0 whip.
Casting: Foxfire (safe; 10% risk of failure)
Confirm with . or Enter, or press ? or * to list all spells.
You don't have enough magic to cast this spell.
You barely miss the gnoll.
The gnoll is severely wounded.
The gnoll hits you with a +0 whip.
* * * LOW HITPOINT WARNING * * *
You hit the gnoll.
The gnoll is almost dead.
The gnoll hits you with a +0 whip!
You die...

#..##.........
#...........#
#.#.#...#...#
#.#.#.......#.
#.#...........
.#.#.#.#.......####
......)...(..$.....
.########..#####.##
#@gg...# #.###..#
### #......# #..
#!.##..# #.#######
#..#...# #.#......
....#...#.#.#.###.#
###.#...#.#.#.#....
.#.....#...#..<. ##
##..#.#.#.#....


You could see a gnoll and a hobgoblin.

Vanquished Creatures
  A bat (D:1)
  4 endoplasms (D:1)
  A goblin (D:1)
  2 hobgoblins (D:1)
  3 kobolds (D:1)
  A quokka (D:1)
  2 ball pythons (D:1)
  A frilled lizard (D:1)
  A rat (D:1)
16 creatures vanquished.

Vanquished Creatures (others)
  33 foxfires (D:1)
33 creatures vanquished.

Grand Total: 49 creatures vanquished

Notes
Turn   | Place    | Note
-------+----------+-------------------------------------------
     0 | D:1      | Ijustatesigmund the Vampire Fire Elementalist began the
                  | quest for the Orb.
     0 | D:1      | Reached XP level 1. HP: 13/13 MP: 3/3
   395 | D:1      | Reached XP level 2. HP: 17/17 MP: 0/5
   740 | D:1      | Mangled by a gnoll

Illustrated notes

Levels and vault maps discovered:
D:1:      matt_arrival_refuge, layout_basic

Action                   || total
-------------------------++-------
Melee: Short sword       ||    15
       Unarmed           ||     1
       Bite              ||     1
 Cast: Foxfire           ||    21
 Abil: Exsanguinate      ||     1
       Revivify          ||     1
 Stab: Sleeping          ||     2
Armor: Robe              ||     9
Dodge: Dodged            ||    17

Table legend: (Time is in decaauts)
 A = Elapsed time spent in this place.
 B = Non-inter-level travel time spent in this place.
 C = Inter-level travel time spent in this place.
 D = Time resting spent in this place.
 E = Time spent auto-exploring this place.
 F = Levels seen in this place.
 G = Mean time per level.
                   A        B        C        D        E       F      G
               +--------+--------+--------+--------+--------+-----+--------+
         Total |    740 |    740 |      0 |    284 |    329 |   1 |  740.0 |
       Dungeon |    740 |    740 |      0 |    284 |    329 |   1 |  740.0 |
               +--------+--------+--------+--------+--------+-----+--------+

Top non-repeatable levels by time:
     D:1: 740 daAuts
